 Dungeon Crawl Stone Soup version 0.27.1 (webtiles) character file.

Game seed: 13996972817460285259

150 Gwenloh the Cudgeller (level 5, -1/43 HPs)
             Began as a Palentonga Warper on Aug 29, 2021.
             Was an Initiate of the Shining One.
             Killed from afar by an orc wizard (5 damage)
             ... with a puff of flame
             ... on level 3 of the Dungeon.
             The game lasted 00:10:49 (3279 turns).

Gwenloh the Cudgeller (Palentonga Warper)           Turns: 3279, Time: 00:10:49

Health: -1/43      AC:  4    Str: 14    XL:     5   Next: 10%
Magic:  7/8        EV:  9    Int: 13    God:    the Shining One [......]
Gold:   65         SH:  0    Dex: 11    Spells: 6/8 levels left

rFire    . . .     SeeInvis +   s - +0 morningstar
rCold    . . .     Faith    .   (no shield)
rNeg     . . .     Spirit   .   b - +0 leather armour
rPois    .         Reflect  .   (no helmet)
rElec    .         Harm     .   (no cloak)
rCorr    .         Rampage  .   (no gloves)
Will     .....                  (no barding)
Stlth    ..........             n - amulet of magic regeneration
HPRegen  0.14/turn              (no ring)
MPRegen  0.36/turn              (no ring)

@: confused, very slightly contaminated, glowing
A: large, rugged brown scales 3, see invisible, deformed body, roll 1, armoured
tail
a: Rolling Charge, Renounce Religion


You were on level 3 of the Dungeon.
You worshipped the Shining One.
The Shining One was noncommittal.
You visited 1 branch of the dungeon, and saw 3 of its levels.

You collected 65 gold pieces.

Inventory:

Hand Weapons
 a - a +0 mace
 s - a +0 morningstar (weapon)
Missiles
 d - 3 boomerangs of dispersal
 h - 68 stones
 p - 19 sling bullets
 r - 15 boomerangs (quivered)
Armour
 b - a +0 leather armour (worn)
Jewellery
 n - an amulet of magic regeneration (around neck)
Scrolls
 c - 2 scrolls of blinking
 e - 3 scrolls of identify {unknown}
 g - a scroll of silence {unknown}
 i - a scroll of summoning {unknown}
 j - a scroll of amnesia {unknown}
 k - a scroll of noise {unknown}
 m - a scroll of enchant armour {unknown}
 o - 4 scrolls of teleportation {unknown}
 q - a scroll of fear {unknown}
Potions
 f - a potion of lignification {unknown}
 l - 2 potions of invisibility {unknown}
 t - a potion of mutation {unknown}


   Skills:
 + Level 3.1 Fighting
 * Level 4.0 Maces & Flails
 - Level 0.6 Throwing
 + Level 2.1 Armour
 - Level 1.5 Dodging
 - Level 2.0 Spellcasting
 - Level 3.0 Translocations


You had 6 spell levels left.
You knew the following spells:

 Your Spells              Type           Power      Damage    Failure   Level
a - Blink                 Tloc           N/A        N/A       14%         2

Your spell library contained the following spells:

 Spells                   Type           Power      Damage    Failure   Level
 Gell's Gravitas          Tloc           4%         N/A       26%         3
 Lesser Beckoning         Tloc           4%         N/A       26%         3
 Teleport Other           Tloc           9%         N/A       26%         3
 Manifold Assault         Tloc           9%         N/A       94%         5


Dungeon Overview and Level Annotations

Branches:
Dungeon (3/15)

Altars:
The Shining One


Innate Abilities, Weirdness & Mutations

You are completely covered in rugged brown scales. (AC +3, +7% HP)
You have supernaturally acute eyesight. (SInv)
Armour fits poorly on your strangely shaped body.
You can roll at nearby foes to attack.
You have a long armoured tail.


Message History

Your Fighting skill increases to level 3!
Your Armour skill increases to level 2!
You completely miss the orc wizard. You tail-slap the orc wizard.
The orc wizard is moderately wounded.
The rat barely misses you.
The orc wizard hits you with a +0 dagger.
* * * LOW HITPOINT WARNING * * *
Casting: Blink (safe; 14% risk of failure)
Confirm with . or Enter, or press ? or * to list all spells.
You miscast Blink.
You are very lightly contaminated with residual magic.
Nothing appears to happen.
The rat barely misses you.
The orc wizard hits you with a +0 dagger.
* * * LOW HITPOINT WARNING * * *
You puncture the orc wizard!
The orc wizard is almost dead.
The rat bites you but does no damage. The orc wizard closely misses you.
The rat bites you but does no damage.
You barely miss the orc wizard.
The orc wizard is almost dead.
The orc wizard hits you with a +0 dagger.
* * * LOW HITPOINT WARNING * * *
The rat closely misses you.
You sock the orc wizard!
You kill the orc wizard!
The orc wizard points at you and mumbles some strange words.
You are confused.
The rat bites you but does no damage.
Your Maces & Flails skill increases to level 4!
You have reached level 5!
You bump into the rock wall.
The rat twitches its whiskers.
The rat bites you but does no damage. The orc wizard closely misses you.
You bump into the rock wall.
The rat closely misses you.
The orc wizard hits you with a +0 dagger.
* * * LOW HITPOINT WARNING * * *
You bump into the rock wall.
The rat bites you but does no damage.
The orc wizard gestures at you while chanting.
The puff of flame hits you.
You die...

#.# .... #.# ...
#.# #.. #.#
#..### #.# ....#
#.# #####.#.###
#.# #.r.......#
#.# #@####..#.#
#.#
#o####..#.###.#
..##.......##.#
.#.##.##..#.##.#
#...##.#...#.##.#
# ####.#........#
..#....##..#
####...##..#
#.........####


You could see an orc wizard (invisible) and a rat.

Vanquished Creatures
  2 orc wizards (D:3)
  A worm (D:2)
  6 dart slugs
  6 orcs (D:3)
  5 ball pythons
  4 bats
  9 endoplasms
  3 giant cockroaches
  3 goblins
  6 hobgoblins
  3 quokkas
  A frilled lizard (D:2)
  5 kobolds (D:2)
  4 rats
58 creatures vanquished.

Vanquished Creatures (others)
  An orc wizard (D:3)
1 creature vanquished.

Grand Total: 59 creatures vanquished

Notes
Turn   | Place    | Note
-------+----------+-------------------------------------------
     0 | D:1      | Gwenloh the Palentonga Warper began the quest for the Orb.
     0 | D:1      | Reached XP level 1. HP: 17/17 MP: 3/3
    25 | D:1      | Reached skill level 1 in Armour
   159 | D:1      | Reached XP level 2. HP: 23/23 MP: 5/5
  1304 | D:1      | Found a faded altar of an unknown god.
  1421 | D:1      | Learned a level 2 spell: Blink
  1620 | D:2      | Reached XP level 3. HP: 23/29 MP: 6/6
  1880 | D:2      | Found a glowing golden altar of the Shining One.
  1889 | D:2      | Reached skill level 3 in Maces & Flails
  2525 | D:2      | Became a worshipper of the Shining One
  3070 | D:3      | Reached XP level 4. HP: 28/36 MP: 7/7
  3277 | D:3      | Reached skill level 4 in Maces & Flails
  3277 | D:3      | Reached XP level 5. HP: 8/43 MP: 6/8
  3279 | D:3      | Killed from afar by an orc wizard

Illustrated notes

Levels and vault maps discovered:
D:1:      minmay_arrival_glassed_features, layout_loops_corners,
          basic_ecumenical_altar, grunt_decor_resistance, st_stairs_1,
          minmay_surrounded
D:2:      layout_basic, basic_altar, chequers_serial_rivers_micro_c
D:3:      layout_basic, demons_altar, kennysheep_generic_room_15

Skill      XL: |  1  2  3  4 |
---------------+-------------+-----
Armour         | 1 2 |  2.1
Maces & Flails | 3 4 |  4.0
Fighting       | 3 |  3.1
Throwing       | |  0.6
Dodging        | |  1.5
Spellcasting   | |  2.0
Translocations | |  3.0

Action                   |  1- 3 |  4- 6 || total
-------------------------+-------+-------++-------
Melee: Mace              |   131 |     2 ||   133
       Tailslap          |     5 |     6 ||    11
       Morningstar       |       |    38 ||    38
Throw: Boomerang         |     2 |       ||     2
       Stone             |     7 |       ||     7
 Abil: Rolling Charge    |    36 |     7 ||    43
Armor: Leather armour    |    39 |    15 ||    54
Dodge: Dodged            |    43 |    20 ||    63
